PAA
MERCER ISLAND SCREAMING EAGLES @ NORTHVILLE ECLIPSE
07/10/2028
 
TOP OF THE 1ST
Mercer Island Screaming Eagles batting - Pitching for Northville Eclipse : RHP Javier Luna
Pitching: RHP Javier Luna
Batting: LHB Ramiro Ramos 0-0: Foul Ball, location: 2F
0-1: Foul Ball, location: 2F
0-2: Fly out, F8 (Flyball, 8LD)
Batting: RHB António Ramírez 0-0: Ball
1-0: SINGLE (Line Drive, 7LS)
Batting: RHB Leonardo Ramírez 0-0: Ball
1-0: Called Strike
1-1: Grounds into double play, 4-6-3 (Groundball, 34)
Top of the 1st over - 0 run(s), 1 hit(s), 0 error(s), 0 left on base; Mercer Island 0 - Northville 0
BOTTOM OF THE 1ST
Northville Eclipse batting - Pitching for Mercer Island Screaming Eagles : RHP Esteban Miroz
Pitching: RHP Esteban Miroz
Batting: RHB Alfonso Grappasonni 0-0: Called Strike
0-1: Ball
1-1: Ball
2-1: Foul Ball, location: 2F
2-2: Ball
3-2: Base on Balls
Batting: LHB Darrell Woodmansee 0-0: Ball
1-0: Swinging Strike
1-1: Ball
2-1: Called Strike
2-2: Ball
3-2: SINGLE (Line Drive, 7S)
Alfonso Grappasonni to second
Alfonso Grappasonni to third
Batting: RHB Augusto Rocha 0-0: Ball
1-0: Swinging Strike
1-1: Called Strike
1-2: Foul Ball, location: 2F
1-2: Fly out, F6 (Popup, 6MD)
Batting: LHB Koen van den Bogaert 0-0: Ball
1-0: Ball
2-0: Foul Ball, location: 2F
2-1: Ball
3-1: Swinging Strike
3-2: Fly out, F9 (Flyball, 9)
Runner from 3rd tags up, SCORES, no throw
Batting: RHB Cosmo Bjorkenheim 0-0: Ball
1-0: Foul Ball, location: 2F
1-1: Ball
2-1: Swinging Strike
2-2: Ball
3-2: SINGLE (Flyball, 7LS)
Darrell Woodmansee to second
Darrell Woodmansee to third
Batting: RHB Luis Guerrero 0-0: Ground out 2-3 (Groundball, 15S)
Bottom of the 1st over - 1 run(s), 2 hit(s), 0 error(s), 2 left on base; Mercer Island 0 - Northville 1
TOP OF THE 2ND
Mercer Island Screaming Eagles batting - Pitching for Northville Eclipse : RHP Javier Luna
Batting: RHB Kade Knowles 0-0: Called Strike
0-1: Ball
1-1: Swinging Strike
1-2: Ball
2-2: Ball
3-2: Strikes out swinging
Batting: RHB Raúl Chávez 0-0: Called Strike
0-1: Called Strike
0-2: Foul Ball, location: 2F
0-2: Ball
1-2: Foul Ball, location: 2F
1-2: Strikes out swinging
Batting: RHB Luis Jiménez 0-0: Foul Ball, location: 2F
0-1: SINGLE (Line Drive, 56)
Batting: LHB Jacob Herman 0-0: Ball
1-0: Foul Ball, location: 2F
1-1: Swinging Strike
1-2: Ground out U3 (Groundball, 3L)
Top of the 2nd over - 0 run(s), 1 hit(s), 0 error(s), 1 left on base; Mercer Island 0 - Northville 1
BOTTOM OF THE 2ND
Northville Eclipse batting - Pitching for Mercer Island Screaming Eagles : RHP Esteban Miroz
Batting: RHB Ghislain Vespucci 0-0: Ball
1-0: Swinging Strike
1-1: Ball
2-1: Ball
3-1: Base on Balls
Batting: RHB John Townsend 0-0: Called Strike
0-1: Foul Ball, location: 2F
0-2: Fly out, F8 (Flyball, 89M)
Batting: LHB Octávio Ontiveros 0-0: Ball
1-0: DOUBLE (Line Drive, 89M)
Ghislain Vespucci to third
Batting: RHB Alfonso Grappasonni 0-0: Ball
1-0: Ball
2-0: Called Strike
2-1: Foul Ball, location: 2F
2-2: Ball
3-2: Base on Balls
Batting: LHB Darrell Woodmansee 0-0: Called Strike
0-1: Ball
1-1: Ball
2-1: DOUBLE (Flyball, 7LM)
Ghislain Vespucci scores
Octávio Ontiveros scores
Alfonso Grappasonni to third
Runner from 3rd tries for Home, SAFE, no throw
Batting: RHB Augusto Rocha 0-0: Ball
1-0: Ball
2-0: Called Strike
2-1: Ball
3-1: Foul Ball, location: 2F
3-2: Foul Ball, location: 2F
3-2: Foul Ball, location: 2F
3-2: Base on Balls
Batting: LHB Koen van den Bogaert 0-0: Swinging Strike
0-1: Ball
1-1: Ball
2-1: Fly out, F8 (Line Drive, 78D)
Batting: RHB Cosmo Bjorkenheim 0-0: Fly out, F7 (Flyball, 7S)
Bottom of the 2nd over - 3 run(s), 2 hit(s), 0 error(s), 2 left on base; Mercer Island 0 - Northville 4
TOP OF THE 3RD
Mercer Island Screaming Eagles batting - Pitching for Northville Eclipse : RHP Javier Luna
Batting: RHB Raúl Moreno 0-0: Ball
1-0: Called Strike
1-1: Ball
2-1: Called Strike
2-2: SINGLE (Groundball, 4MD)
Batting: LHB Jorge Pérez 0-0: Fly out, F8 (Line Drive, 8LM)
Batting: LHB Ramiro Ramos 0-0: Ball
1-0: Swinging Strike
1-1: Foul Ball, location: 2F
1-2: Ball
2-2: Ball
3-2: Foul Ball, location: 2F
3-2: Fly out, F7 (Line Drive, 7)
Batting: RHB António Ramírez 0-0: Called Strike
0-1: Called Strike
0-2: Ball
1-2: Foul Ball, location: 2F
1-2: Foul Ball, location: 2F
1-2: Ground out 6-3 (Groundball, 6S)
Top of the 3rd over - 0 run(s), 1 hit(s), 0 error(s), 1 left on base; Mercer Island 0 - Northville 4
BOTTOM OF THE 3RD
Northville Eclipse batting - Pitching for Mercer Island Screaming Eagles : RHP Esteban Miroz
Batting: RHB Luis Guerrero 0-0: Called Strike
0-1: SINGLE (Line Drive, 56)
Batting: RHB Ghislain Vespucci 0-0: Called Strike
0-1: Ball
1-1: Ball
Luis Guerrero steals 2nd base
2-1: Foul Ball, location: 2F
2-2: Ball
3-2: Ground out 4-3 (Groundball, 4)
Luis Guerrero to third
Now at 2B: Nelson Plasenia
Batting: RHB John Townsend 0-0: Foul Ball, location: 2F
0-1: Reached on error, E4 (Groundball, 4)
Luis Guerrero scores
Batting: LHB Octávio Ontiveros 0-0: Swinging Strike
0-1: Foul Ball, location: 2F
0-2: Ball
1-2: Strikes out swinging
Batting: RHB Alfonso Grappasonni 0-0: Called Strike
0-1: Swinging Strike
0-2: Ball
1-2: Ball
2-2: Strikes out swinging
Bottom of the 3rd over - 1 run(s), 1 hit(s), 1 error(s), 1 left on base; Mercer Island 0 - Northville 5
TOP OF THE 4TH
Mercer Island Screaming Eagles batting - Pitching for Northville Eclipse : RHP Javier Luna
Batting: RHB Leonardo Ramírez 0-0: Ball
1-0: Foul Ball, location: 2F
1-1: Swinging Strike
1-2: Strikes out looking
Batting: RHB Kade Knowles 0-0: Foul Ball, location: 2F
0-1: Ball
1-1: Fly out, F9 (Flyball, 9)
Batting: RHB Raúl Chávez 0-0: Called Strike
0-1: DOUBLE (Line Drive, 78M)
Batting: RHB Luis Jiménez 0-0: Ball
1-0: Foul Ball, location: 2F
1-1: Ground out 6-3 (Groundball, 6)
Top of the 4th over - 0 run(s), 1 hit(s), 0 error(s), 1 left on base; Mercer Island 0 - Northville 5
BOTTOM OF THE 4TH
Northville Eclipse batting - Pitching for Mercer Island Screaming Eagles : RHP Esteban Miroz
Batting: LHB Darrell Woodmansee 0-0: Foul Ball, location: 2F
0-1: Ball
1-1: Ball
2-1: SINGLE (Line Drive, 8LS)
Batting: RHB Augusto Rocha 0-0: Ball
1-0: Called Strike
1-1: Ball
2-1: Foul Ball, location: 2F
2-2: Foul Ball, location: 2F
2-2: Ball
3-2: Foul Ball, location: 2F
3-2: Fly out, F4 (Popup, 4D)
Batting: LHB Koen van den Bogaert 0-0: Ball
1-0: Ball
2-0: Called Strike
2-1: Called Strike
2-2: Strikes out swinging
Batting: RHB Cosmo Bjorkenheim 0-0: Ball
1-0: Ball
2-0: Foul Ball, location: 2F
2-1: Called Strike
2-2: Fly out, F5 (Flyball, 5DF)
Bottom of the 4th over - 0 run(s), 1 hit(s), 0 error(s), 1 left on base; Mercer Island 0 - Northville 5
TOP OF THE 5TH
Mercer Island Screaming Eagles batting - Pitching for Northville Eclipse : RHP Javier Luna
Batting: LHB Jacob Herman 0-0: Fly out, F7 (Flyball, 78D)
Batting: RHB Raúl Moreno 0-0: Ball
1-0: Foul Ball, location: 2F
1-1: Ball
2-1: Foul Ball, location: 2F
2-2: Foul Ball, location: 2F
2-2: Foul Ball, location: 2F
2-2: Ground out 4-3 (Groundball, 4)
Batting: LHB Nelson Plasenia 0-0: Ball
1-0: Swinging Strike
1-1: Called Strike
1-2: Ground out 4-3 (Groundball, 4)
Top of the 5th over - 0 run(s), 0 hit(s), 0 error(s), 0 left on base; Mercer Island 0 - Northville 5
BOTTOM OF THE 5TH
Northville Eclipse batting - Pitching for Mercer Island Screaming Eagles : RHP Esteban Miroz
Batting: RHB Luis Guerrero 0-0: Ball
1-0: Fly out, F6 (Line Drive, 6)
Batting: RHB Ghislain Vespucci 0-0: Foul Ball, location: 2F
0-1: Foul Ball, location: 2F
0-2: Ground out 4-3 (Groundball, 4)
Batting: RHB John Townsend 0-0: Ball
1-0: Ball
2-0: Ball
3-0: Base on Balls
Batting: LHB Octávio Ontiveros 0-0: Called Strike
0-1: Foul Ball, location: 2F
0-2: Ball
1-2: Foul Ball, location: 2F
1-2: Ball
2-2: Foul Ball, location: 2F
2-2: Ball
3-2: Ground out U3 (Groundball, 34S)
Bottom of the 5th over - 0 run(s), 0 hit(s), 0 error(s), 1 left on base; Mercer Island 0 - Northville 5
TOP OF THE 6TH
Mercer Island Screaming Eagles batting - Pitching for Northville Eclipse : RHP Javier Luna
Batting: LHB Ramiro Ramos 0-0: Called Strike
0-1: Ball
1-1: Foul Ball, location: 2F
1-2: Ball
2-2: Fly out, F8 (Flyball, 78D)
Batting: RHB António Ramírez 0-0: Ground out 5-3 (Groundball, 5S)
Batting: RHB Leonardo Ramírez 0-0: Swinging Strike
0-1: Ground out 5-3 (Groundball, 5S)
Top of the 6th over - 0 run(s), 0 hit(s), 0 error(s), 0 left on base; Mercer Island 0 - Northville 5
BOTTOM OF THE 6TH
Northville Eclipse batting - Pitching for Mercer Island Screaming Eagles : RHP Esteban Miroz
Pitching: RHP Lucas Cobb
Batting: RHB Alfonso Grappasonni 0-0: Called Strike
0-1: Ball
1-1: Ball
2-1: Ball
3-1: Called Strike
3-2: Strikes out swinging
Batting: LHB Darrell Woodmansee 0-0: Ground out 4-3 (Groundball, 4)
Batting: RHB Augusto Rocha 0-0: Ball
1-0: Foul Ball, location: 2F
1-1: Ball
2-1: SOLO HOME RUN (Flyball, 7D), Distance : 409 ft
Batting: LHB Koen van den Bogaert 0-0: Ball
1-0: Ball
2-0: Ground out U3 (Groundball, 34)
Bottom of the 6th over - 1 run(s), 1 hit(s), 0 error(s), 0 left on base; Mercer Island 0 - Northville 6
TOP OF THE 7TH
Mercer Island Screaming Eagles batting - Pitching for Northville Eclipse : RHP Javier Luna
Batting: RHB Kade Knowles 0-0: Called Strike
0-1: Foul Ball, location: 2F
0-2: Ball
1-2: Foul Ball, location: 2F
1-2: Ball
2-2: Reached on error, E6 (Groundball, 6)
Batting: RHB Raúl Chávez 0-0: DOUBLE (Line Drive, 78XD)
Kade Knowles to third
Runner from 3rd tries for Home, SAFE, no throw
Batting: RHB Luis Jiménez 0-0: Ball
1-0: Called Strike
1-1: Ball
2-1: Foul Ball, location: 2F
2-2: Fly out, F7 (Line Drive, 7)
Batting: LHB Jacob Herman 0-0: Called Strike
Raúl Chávez is caught stealing 3rd base
0-1: Ball
1-1: Ball
2-1: Ground out 4-3 (Groundball, 4D)
Top of the 7th over - 1 run(s), 1 hit(s), 1 error(s), 0 left on base; Mercer Island 1 - Northville 6
BOTTOM OF THE 7TH
Northville Eclipse batting - Pitching for Mercer Island Screaming Eagles : RHP Lucas Cobb
Batting: RHB Cosmo Bjorkenheim 0-0: Ball
1-0: Ball
2-0: Ball
3-0: Called Strike
3-1: Called Strike
3-2: Base on Balls
Batting: RHB Luis Guerrero 0-0: Called Strike
0-1: Foul Ball, location: 2F
0-2: Grounds into double play, 6-4-3 (Groundball, 6)
Batting: RHB Ghislain Vespucci 0-0: Fly out, F8 (Line Drive, 8LM)
Bottom of the 7th over - 0 run(s), 0 hit(s), 0 error(s), 0 left on base; Mercer Island 1 - Northville 6
TOP OF THE 8TH
Mercer Island Screaming Eagles batting - Pitching for Northville Eclipse : RHP Javier Luna
Now at 1B: King Tracy
Batting: RHB Raúl Moreno 0-0: Ball
1-0: Ball
2-0: Called Strike
2-1: Called Strike
2-2: Foul Ball, location: 2F
2-2: DOUBLE (Line Drive, 7LM)
Batting: LHB Nelson Plasenia 0-0: Called Strike
0-1: Called Strike
0-2: Strikes out swinging
Batting: LHB Ramiro Ramos 0-0: Ball
1-0: 2-RUN HOME RUN (Flyball, 9D), Distance : 397 ft
Batting: RHB António Ramírez 0-0: Ball
1-0: Called Strike
1-1: Ball
2-1: Ball
3-1: Hit by Pitch
Batting: RHB Leonardo Ramírez 0-0: SINGLE (Groundball, 6MD)
António Ramírez to second
Runner from 2nd tries for 3rd, SAFE, no throw
Batting: RHB Kade Knowles 0-0: Ball
1-0: Foul Ball, location: 2F
1-1: Foul Ball, location: 2F
1-2: Reached via error on a dropped throw, E1
António Ramírez scores
Leonardo Ramírez to second
Batting: RHB Raúl Chávez 0-0: Swinging Strike
0-1: Ball
1-1: Fielders Choice at 2nd, 4-6 (Groundball, 4)
Leonardo Ramírez to third
Batting: RHB Luis Jiménez 0-0: Fielders Choice at 2nd, 6-4 (Groundball, 6)
Top of the 8th over - 3 run(s), 3 hit(s), 1 error(s), 1 left on base; Mercer Island 4 - Northville 6
BOTTOM OF THE 8TH
Northville Eclipse batting - Pitching for Mercer Island Screaming Eagles : RHP Lucas Cobb
Batting: RHB John Townsend 0-0: Foul Ball, location: 2F
0-1: Ball
1-1: Called Strike
1-2: Foul Ball, location: 2F
1-2: SINGLE (Line Drive, 3D)
Batting: LHB Octávio Ontiveros 0-0: Sac Bunt - play at second, runner OUT! 2-6
Batting: RHB Alfonso Grappasonni 0-0: Ball
1-0: Ball
2-0: Called Strike
2-1: Called Strike
2-2: Foul Ball, location: 2F
2-2: Strikes out swinging
Batting: LHB Darrell Woodmansee 0-0: Ball
1-0: Fly out, F8 (Flyball, 8LM)
Bottom of the 8th over - 0 run(s), 1 hit(s), 0 error(s), 1 left on base; Mercer Island 4 - Northville 6
TOP OF THE 9TH
Mercer Island Screaming Eagles batting - Pitching for Northville Eclipse : RHP Javier Luna
Pitching: RHP Rafael Méndez
Batting: LHB Jacob Herman 0-0: Swinging Strike
0-1: Swinging Strike
0-2: Strikes out swinging
Batting: RHB Raúl Moreno 0-0: Called Strike
0-1: Foul Ball, location: 2F
0-2: Ball
1-2: Ball
2-2: Fly out, F8 (Flyball, 8RS)
Batting: LHB Nelson Plasenia 0-0: Foul Ball, location: 2F
0-1: Ball
1-1: Ball
2-1: Called Strike
2-2: Strikes out swinging
Top of the 9th over - 0 run(s), 0 hit(s), 0 error(s), 0 left on base; Mercer Island 4 - Northville 6
Monday, August 14th, 2017 - OOTP Baseball 17.12 Build 75